 Dungeon Crawl Stone Soup version 0.25-a0-521-gb5d5f98535 (webtiles) character file.

Game seed: 16493906024428083284, levelgen mode: deterministic

303095 RedPan the Warrior (level 21, 0/169 HPs)
             Began as a Gnoll Wanderer on Feb 17, 2020.
             Was the Champion of Cheibriados.
             Killed from afar by Nikola (9 damage)
             ... with a chain lightning
             ... on level 3 of the Vaults on Feb 18, 2020.
             The game lasted 02:32:42 (44968 turns).

RedPan the Warrior (Gnoll Wanderer)                Turns: 44968, Time: 02:32:43

Health: 0/169      AC: 33    Str: 40    XL:     21   Next: 8%
Magic:  45/48      EV: 23    Int: 32    God:    Cheibriados [******]
Gold:   3754       SH: 25    Dex: 37    Spells: 31/47 levels left

rFire    + + .     SeeInvis .   U - +9 broad axe (elec)
rCold    + . .     Gourm    .   D - +0 tower shield {rF+}
rNeg     + + .     Faith    .   N - +5 plate armour {rF+}
rPois    +         Spirit   .   k - +3 hat of Pondering {ponderous, MR+ MP+10 Int+5}
rElec    .         Reflect  .   z - +2 ratskin cloak {+Rats rPois rN+ Str-1 Int-1 Dex+1}
rCorr    .         Harm     .   L - +1 pair of gloves
MR       ++...                  b - +2 pair of boots
Stlth    ++........             R - amulet of regeneration
HPRegen  0.78/turn              S - ring of Joxyavin {rPois rN+ Str+6}
MPRegen  0.31/turn              O - ring of protection from cold

@: very slow
A: distributed training, fangs 1, blurry vision 1, strong nose
}: 2/15 runes: decaying, serpentine
a: Bend Time, Temporal Distortion, Slouch, Step From Time, Renounce Religion,
Evoke Ratskin


You were on level 3 of the Vaults.
You worshipped Cheibriados.
Cheibriados was exalted by your worship.
You were not hungry.

You visited 7 branches of the dungeon, and saw 35 of its levels.
You also visited: Ice Cave.

You collected 5489 gold pieces.
You spent 1735 gold pieces at shops.

Inventory:

Hand Weapons
 F - a +5 double sword
 J - a +0 scimitar of flaming
 U - a +9 broad axe of electrocution (weapon)
Missiles
 l - 23 javelins (quivered)
Armour
 b - a +2 pair of boots (worn)
 k - the +3 hat of Pondering (worn) {ponderous, MR+ MP+10 Int+5}
   (You found it on level 1 of the Snake Pit)

   It affects your intelligence (+5).
   It affects your resistance to hostile enchantments.
   It affects your magic capacity (+10).
   If you remove this armour, your AC will decrease by 3 (33 -> 30).
 z - the +2 ratskin cloak (worn) {+Rats rPois rN+ Str-1 Int-1 Dex+1}
   (You found it on level 6 of the Dungeon)

   It affects your strength (-1).
   It affects your intelligence (-1).
   It affects your dexterity (+1).
   It protects you from poison.
   It protects you from negative energy.
   If you remove this armour, your AC will decrease by 3 (33 -> 30).
 D - a +0 tower shield of fire resistance (worn)
 L - a +1 pair of gloves (worn)
 N - a +5 plate armour of fire resistance (worn)
 Q - the +1 kite shield "Cafac" {rF+ Str+2 Stlth+}
   (You took it off Donald on level 3 of the Snake Pit)

   It affects your strength (+2).
   It protects you from fire.
   It makes you more stealthy.
Jewellery
 a - an uncursed ring of protection from magic
 v - an uncursed ring of resist corrosion
 A - an uncursed ring of fire
 O - a ring of protection from cold (right hand)
 R - an amulet of regeneration (around neck)
 S - the ring of Joxyavin (left hand) {rPois rN+ Str+6}
   (You found it on level 6 of the Lair of Beasts)

   [ring of poison resistance]

   It affects your strength (+6).
   It protects you from poison.
   It protects you from negative energy.
Wands
 p - a wand of paralysis (10)
 C - a wand of iceblast (7)
 E - a wand of digging (10)
 M - a wand of flame (85)
 P - a wand of disintegration (40)
 V - a wand of polymorph (19)
Scrolls
 e - 10 scrolls of enchant armour
 f - 7 scrolls of fear
 j - 5 scrolls of blinking
 n - 19 scrolls of remove curse
 o - 8 scrolls of teleportation
 u - 4 scrolls of amnesia
 w - 28 scrolls of identify
 y - a scroll of fog
 H - 2 scrolls of summoning
 I - a scroll of enchant weapon
 W - a scroll of acquirement
Potions
 c - 3 potions of lignification
 d - 10 potions of curing
 h - 3 potions of brilliance
 i - a potion of cancellation
 m - 3 potions of invisibility
 q - 3 potions of stabbing
 r - 7 potions of flight
 t - a potion of heal wounds
 x - 4 potions of resistance
 B - 8 potions of mutation
 G - 2 potions of magic
 T - a potion of might
 X - a potion of ambrosia
Miscellaneous
 s - a sack of spiders
Comestibles
 g - 58 rations
 K - 22 chunks of flesh


   Skills:
 + Level 15.4 Fighting
 + Level 13.5 Short Blades
 + Level 13.8 Long Blades
 + Level 13.5 Axes
 + Level 13.5 Maces & Flails
 + Level 13.5 Polearms
 + Level 13.5 Staves
 + Level 13.5 Slings
 + Level 13.5 Bows
 + Level 13.5 Crossbows
 + Level 13.8 Throwing
 + Level 13.5 Armour
 + Level 14.2 Dodging
 + Level 13.5 Stealth
 + Level 13.5 Shields
 + Level 13.8 Unarmed Combat
 + Level 13.5 Spellcasting
 + Level 11.6 Conjurations
 + Level 11.6 Hexes
 + Level 11.6 Charms
 + Level 11.6 Summonings
 + Level 11.6 Necromancy
 + Level 11.6 Translocations
 + Level 11.6 Transmutations
 + Level 11.6 Fire Magic
 + Level 11.6 Ice Magic
 + Level 11.6 Air Magic
 + Level 11.6 Earth Magic
 + Level 11.6 Poison Magic
 + Level 14.6 Invocations
 + Level 13.8 Evocations


You had 31 spell levels left.
You knew the following spells:

 Your Spells              Type           Power        Failure   Level  Hunger
a - Passwall              Tmut/Erth      #######.     1%          2    None
b - Borgnjor's Vile Clut  Necr/Erth      #######...   9%          5    None
c - Summon Forest         Summ/Tloc      #######...   9%          5    None
d - Animate Dead          Necr           N/A          3%          4    None

Your spell library contained the following spells:

 Spells                   Type           Power        Failure   Level  Hunger
 Animate Skeleton         Necr           N/A          1%          1    None
 Apportation              Tloc           ######       1%          1    None
 Corona                   Hex            #######      1%          1    None
 Infusion                 Chrm           ####         1%          1    None
 Magic Dart               Conj           ####         1%          1    None
 Pain                     Necr           ####         1%          1    None
 Sandblast                Erth           ######       1%          1    None
 Shock                    Conj/Air       ####         1%          1    None
 Sting                    Tmut/Pois      ####         1%          1    None
 Summon Small Mammal      Summ           ####         1%          1    None
 Blink                    Tloc           N/A          1%          2    None
 Call Imp                 Summ           #######.     1%          2    None
 Corpse Rot               Necr/Air       N/A          1%          2    None
 Poisonous Vapours        Pois/Air       ######       1%          2    None
 Searing Ray              Conj           ######       1%          2    None
 Slow                     Hex            #######.     1%          2    None
 Song of Slaying          Chrm           #######.     1%          2    None
 Swiftness                Chrm/Air       #######.     1%          2    None
 Conjure Flame            Conj/Fire      #######.     1%          3    None
 Dazzling Flash           Conj/Hex       ######       1%          3    None
 Ignite Poison            Fire/Tmut/Pois #######.     1%          3    None
 Mephitic Cloud           Conj/Pois/Air  #######.     1%          3    None
 Recall                   Summ/Tloc      N/A          1%          3    None
 Static Discharge         Conj/Air       #######.     1%          3    None
 Stone Arrow              Conj/Erth      ######       1%          3    None
 Vampiric Draining        Necr           #######...   1%          3    None
 Airstrike                Air            #######...   3%          4    None
 Fulminant Prism          Conj/Hex       #######...   3%          4    None
 Iskenderun's Mystic Bla  Conj/Tloc      #######.     3%          4    None
 Olgreb's Toxic Radiance  Pois           #######.     3%          4    None
 Petrify                  Tmut/Erth      #######.     3%          4    None
 Agony                    Necr           #######.     9%          5    None
 Blade Hands              Tmut           #######...   9%          5    None
 Bolt of Magma            Conj/Fire/Erth #######...   9%          5    None
 Irradiate                Conj/Tmut      #######...   9%          5    None
 Iskenderun's Battlesphe  Conj/Chrm      #######.     9%          5    None
 Lee's Rapid Deconstruct  Erth           #######...   9%          5    None
 Lightning Bolt           Conj/Air       #######...   9%          5    None
 Death Channel            Necr           #######...   41%         6    ###....
 Eringya's Noxious Bog    Tmut/Pois      #######...   41%         6    ###....
 Hydra Form               Tmut           #######...   41%         6    ###....
 Iron Shot                Conj/Erth      #######...   41%         6    ###....
 Ozocubu's Refrigeration  Ice            #######...   41%         6    ###....
 Simulacrum               Ice/Necr       #######...   41%         6    ###....
 Statue Form              Tmut/Erth      #######..    41%         6    ###....
 Haunt                    Necr/Summ      #######...   94%         7    #####..
 Malign Gateway           Summ/Tloc      #######...   94%         7    #####..
 Monstrous Menagerie      Summ           #######...   94%         7    #####..
 Orb of Destruction       Conj           #######...   94%         7    #####..
 Spellforged Servitor     Conj/Summ      #######...   94%         7    #####..
 Summon Greater Demon     Summ           #######...   94%         7    #####..
 Summon Hydra             Summ           #######...   94%         7    #####..
 Borgnjor's Revivificati  Necr           #######...   100%        8    ######.
 Death's Door             Chrm/Necr      #######...   100%        8    ######.
 Infestation              Necr           #######...   100%        8    ######.
 Necromutation            Tmut/Necr      #######...   100%        8    ######.
 Summon Horrible Things   Summ           #######...   100%        8    ######.


Dungeon Overview and Level Annotations

Branches:
Dungeon (15/15)            Temple (1/1) D:7            Lair (6/6) D:10
  Swamp (4/4) Lair:2        Snake (4/4) Lair:3          Orc (2/2) D:12
    Elf (0/3) Orc:2        Vaults (3/5) D:14          Crypt (0/3) Vaults:3
 Depths (0/5) D:15          IceCv (visited)
  Slime: Lair:5-6

Altars:
Cheibriados
Dithmenos
Elyvilon
Fedhas
Gozag
Hepliaklqana
Kikubaaqudgha
Makhleb
Okawaru
Qazlal
Ru
Sif Muna
Trog
Uskayaw
Vehumet
Wu Jian
Xom
Yredelemnul
Zin
Beogh

Shops:
D:5 ?   Orc:1 (   Orc:2 :*([   Snake:1 *   Vaults:1 (

Annotations:
D:6 exclusion: oklob plant
Lair:2 exclusion: oklob plant
Lair:5 exclusion: 2 oklob plants
Swamp:4 1 exclusion
Vaults:3 Nikola


Innate Abilities, Weirdness & Mutations

Your experience applies equally to all skills.
You have very sharp teeth.
Your uncanny sense of smell can sniff out nearby items.
Scrolls take you a little longer to read.


Message History

You hear a mighty clap of thunder!
The lightning arc hits you!!
* * * LOW HITPOINT WARNING * * *
The lightning arc hits Nikola.
The lightning arc hits you!!
* * * LOW HITPOINT WARNING * * *
The lightning arc hits Nikola!
The lightning arc hits you!
* * * LOW HITPOINT WARNING * * *
The lightning arc hits Nikola.
You feel much better.
Okay, then.
The flow of time bends around you.
Cheibriados rebukes Nikola.
Nikola seems to slow down.
You feel slightly more hungry.
A soldier ant comes into view.
Nikola mumbles some strange words.
You hear a mighty clap of thunder!
The lightning arc hits you!!
* * * LOW HITPOINT WARNING * * *
The lightning arc hits Nikola!
The lightning arc hits you!
You die...

#####'#######################''##
.................................
.................................
###########......................
'....... #..########............
#....... #..#......#............
#....... #..#......#............
#....>.. #..#......#............
#....... #..#.@@...#............
#....... #..#......#............
######## #..#......#............
# #^.....'............ #
########a........... #
.................... #
....###########....( # . #...(. #
#.....


You could see Nikola and a soldier ant.

Vanquished Creatures
  Mara (Snake:4)
  Saint Roka (Orc:2)
  Xtahua (Vaults:2)
  A bone dragon (Swamp:4)
  Rupert (D:13)
  A lich (Vaults:1)
  A sphinx (Vaults:2)
  A thorn hunter (Swamp:3)
  Agnes (D:14)
  Kirke (D:14)
  Roxanne (Swamp:3)
  Donald (Snake:3)
  11 nagarajas
  Aizul (Snake:1)
  4 vault wardens
  2 fire giants
  8 stone giants
  A war gargoyle (Vaults:1)
  8 ironheart preservers
  2 very ugly things (Vaults:3)
  A deep elf demonologist (Vaults:3)
  2 ettins
  A crystal guardian (Vaults:2)
  A deep elf death mage (Vaults:3)
  3 great orbs of eyes
  2 yaktaur captains
  8 hydras
  14 naga warriors
  The ghost of Tuischauph the Unseen, a journeyman KoAs of Uskayaw (D:12)
  3 ice dragons
  8 anacondas
  2 catoblepae (D:14)
  4 vault guards
  2 death knights
  2 ghost crabs (Swamp:4)
  3 shambling mangroves
  5 centaur warriors
  11 alligators
  2 deep troll earth magi
  23 two-headed ogres
  An orc high priest (Orc:2)
  9 ogre magi
  A deep troll shaman (Vaults:1)
  10 death yaks
  Urug (D:14)
  Nergalle (Lair:3)
  4 shock serpents
  7 deep elf knights
  15 naga sharpshooters
  2 salamander mystics
  A deep troll (shapeshifter) (Vaults:1)
  A death drake (Swamp:4)
  2 unseen horrors
  4 wizards
  2 flayed ghosts
  6 naga ritualists
  10 deep trolls
  5 glowing orange brains
  4 lindwurms (Lair:2)
  Pikel (D:6)
  A spriggan druid (Swamp:3)
  6 deep elf archers
  13 sea snakes
  3 phantasmal warriors
  3 spectral hydras (Swamp:4)
  11 ironbrand convokers
  2 necromancers
  10 orc knights
  12 salamanders
  3 orc sorcerers
  28 ugly things
  14 deep elf magi
  A human skeleton (Vaults:1)
  12 mana vipers
  3 wolf spiders
  A fire giant zombie (Vaults:1)
  Maurice (D:12)
  5 cyclopes
  7 elephants (Lair:6)
  A black mamba (shapeshifter) (Vaults:3)
  29 black mambas
  13 guardian serpents
  2 ice statues (IceCv)
  16 naga magi
  7 vault sentinels
  Maggie (D:10)
  3 centaur skeletons
  18 spiny frogs
  A rime drake (shapeshifter) (Vaults:2)
  5 rime drakes
  6 komodo dragons
  4 swamp worm zombies (Swamp:4)
  8 ice devils (IceCv)
  An efreet (D:10)
  3 freezing wraiths (D:15)
  12 yaktaurs
  4 hydra zombies (Swamp:4)
  3 trolls
  Prince Ribbit (D:8)
  15 hornets
  8 polar bears
  A tengu simulacrum (Vaults:3)
  A spectral swamp dragon (Swamp:4)
  15 blink frogs
  A harpy skeleton (D:15)
  6 hippogriffs
  10 tyrant leeches
  8 dream sheep (Lair:6)
  An ettin zombie (Vaults:1)
  12 bog bodies
  3 shadows
  26 slime creatures
  A redback (shapeshifter) (Vaults:1)
  4 alligator zombies (Swamp:4)
  Sigmund (D:6)
  15 spriggans
  A tarantella (shapeshifter) (Vaults:1)
  2 redbacks
  4 hogs
  2 wraiths
  2 hungry ghosts
  16 yaks
  5 basilisks
  A hog (shapeshifter) (D:14)
  17 humans
  19 vampire mosquitoes
  Menkaure (D:7)
  6 wargs
  47 nagas
  12 insubstantial wisps
  16 swamp worms
  An acid dragon (Vaults:1)
  A soldier ant (D:12)
  10 water moccasins
  15 porcupines
  An ice beast (shapeshifter) (Vaults:2)
  A floating eye (shapeshifter) (D:10)
  4 sky beasts
  A hornet zombie (D:15)
  A swamp drake (shapeshifter) (Vaults:3)
  4 ice beasts
  An eye of draining (D:13)
  4 black bears
  3 swamp dragon zombies (Swamp:4)
  3 slaves (D:5)
  A necrophage (D:10)
  13 swamp drakes
  34 orc warriors
  16 wolves (Lair:6)
  20 boggarts
  6 phantoms (Swamp:4)
  13 centaurs
  28 ogres
  9 crocodiles
  2 big kobolds
  15 bullfrogs
  An elf simulacrum (Vaults:1)
  A wyvern skeleton (D:9)
  7 scorpions
  A water moccasin skeleton (D:10)
  12 killer bees
  14 wights
  4 electric eels
  7 crimson imps
  A draconian simulacrum (IceCv)
  3 lava snakes
  3 bullfrog zombies
  3 hounds
  2 jellies
  A quasit (D:13)
  31 orc priests
  32 orc wizards
  4 bullfrog skeletons
  5 iguanas
  An iron imp (Orc:1)
  16 worker ants
  A hell rat (D:6)
  3 spectral swamp drakes (Swamp:4)
  4 troll simulacra (IceCv)
  A hound skeleton (D:10)
  A howler monkey zombie (D:8)
  4 gnolls (D:5)
  A howler monkey skeleton (D:11)
  4 ogre simulacra (IceCv)
  23 adders
  A naga simulacrum (IceCv)
  6 river rats (D:6)
  A swamp drake zombie (Swamp:4)
  6 shadow imps
  2 adder skeletons
  3 worms
  4 dart slugs
  5 leopard geckos
  91 orcs
  7 bats
  6 giant cockroaches
  7 hobgoblins
  8 jackals
  2 quokkas
  A ball python (D:3)
  2 frilled lizards (D:7)
  6 goblins
  15 kobolds
  2 quokka skeletons
  20 rats
  4 briar patches (Swamp:3)
  2 plants (D:10)
1386 creatures vanquished.

Vanquished Creatures (collateral kills)
  2 anacondas
  A shock serpent (Snake:2)
  2 naga sharpshooters
  3 naga ritualists
  2 sea snakes (Snake:2)
  2 mana vipers
  A deep elf mage (D:8)
  A vault sentinel (Vaults:1)
  A naga mage (Snake:2)
  5 black mambas
  A hog (D:7)
  7 nagas
  An ogre (Vaults:1)
29 creatures vanquished.

Vanquished Creatures (others)
  Nessos (D:15)
  A naga warrior (Snake:2)
  A two-headed ogre (Vaults:3)
  A naga sharpshooter (Snake:3)
  A shock serpent (Snake:3)
  A naga (Snake:4)
  3 centaurs
  A white imp (Orc:1)
  2 orcs
  A kobold (D:12)
  A bush (Lair:6)
  19 fungi (Lair:6)
  13 plants
46 creatures vanquished.

Grand Total: 1461 creatures vanquished

Notes
Turn   | Place    | Note
-------+----------+-------------------------------------------
     0 | D:1      | RedPan the Gnoll Wanderer began the quest for the Orb.
     0 | D:1      | RedPan set off with the following items: a +0 dagger, a
                  | potion of berserk rage, a potion of lignification, a potion
                  | of curing, a +0 robe, a scroll of fear, a ration
     0 | D:1      | Reached XP level 1. HP: 26/26 MP: 2/2
   235 | D:1      | Reached XP level 2. HP: 33/33 MP: 3/3
   844 | D:2      | Reached XP level 3. HP: 37/38 MP: 4/4
   909 | D:2      | Found a stormy altar of Qazlal.
  1019 | D:2      | Found a white marble altar of Elyvilon.
  1306 | D:2      | Reached skill level 1 in Invocations
  1537 | D:2      | Found a sacrificial altar of Ru.
  1663 | D:2      | Reached skill level 1 in Short Blades
  1663 | D:2      | Reached skill level 1 in Axes
  1663 | D:2      | Reached skill level 1 in Maces & Flails
  1663 | D:2      | Reached skill level 1 in Polearms
  1663 | D:2      | Reached skill level 1 in Staves
  1663 | D:2      | Reached skill level 1 in Slings
  1663 | D:2      | Reached skill level 1 in Bows
  1663 | D:2      | Reached skill level 1 in Crossbows
  1663 | D:2      | Reached skill level 1 in Armour
  1663 | D:2      | Reached skill level 1 in Stealth
  1663 | D:2      | Reached skill level 1 in Shields
  1663 | D:2      | Reached skill level 1 in Spellcasting
  1922 | D:3      | Reached XP level 4. HP: 37/45 MP: 6/6
  2424 | D:3      | Reached skill level 1 in Conjurations
  2424 | D:3      | Reached skill level 1 in Hexes
  2424 | D:3      | Reached skill level 1 in Charms
  2424 | D:3      | Reached skill level 1 in Summonings
  2424 | D:3      | Reached skill level 1 in Necromancy
  2424 | D:3      | Reached skill level 1 in Translocations
  2424 | D:3      | Reached skill level 1 in Transmutations
  2424 | D:3      | Reached skill level 1 in Fire Magic
  2424 | D:3      | Reached skill level 1 in Ice Magic
  2424 | D:3      | Reached skill level 1 in Air Magic
  2424 | D:3      | Reached skill level 1 in Earth Magic
  2424 | D:3      | Reached skill level 1 in Poison Magic
  2560 | D:3      | Reached XP level 5. HP: 43/51 MP: 7/7
  2741 | D:3      | Found a hide-covered altar of Uskayaw.
  3523 | D:4      | Reached XP level 6. HP: 57/57 MP: 8/8
  4038 | D:5      | Entered Level 5 of the Dungeon
  4071 | D:5      | Reached skill level 5 in Dodging
  4455 | D:5      | Found Qasudd's Magic Scroll Shop.
  4460 | D:5      | Bought a scroll of identify for 28 gold pieces
  4460 | D:5      | Bought a scroll of identify for 28 gold pieces
  4460 | D:5      | Bought a scroll of blinking for 105 gold pieces
  4592 | D:5      | Found an iron altar of Okawaru.
  4625 | D:5      | Reached XP level 7. HP: 60/63 MP: 10/10
  5002 | D:5      | Reached skill level 9 in Fighting
  5183 | D:5      | Reached XP level 8. HP: 59/71 MP: 12/12
  5367 | D:5      | You fall into a shaft and drop 3 floors!
  5694 | D:7      | Found a staircase to the Ecumenical Temple.
  5703 | Temple   | Entered the Ecumenical Temple
  5764 | Temple   | Became a worshipper of Cheibriados the Contemplative
  6183 | D:6      | Found a blossoming altar of Fedhas.
  6467 | D:5      | Found a radiant altar of Vehumet.
  6745 | D:6      | Reached * piety under Cheibriados
  6804 | D:6      | Reached XP level 9. HP: 28/76 MP: 14/14
  7028 | D:6      | Noticed Pikel
  7043 | D:6      | Paralysed by Pikel for 3 turns
  7059 | D:6      | Killed Pikel
  7222 | D:6      | Noticed Sigmund
  7223 | D:6      | Found the +2 ratskin cloak {+Rats rPois rN+ Str-1 Int-1
                  | Dex+1}
  7263 | D:6      | Killed Sigmund
  7263 | D:6      | Reached skill level 5 in Long Blades
  7263 | D:6      | Reached skill level 5 in Throwing
  7263 | D:6      | Reached skill level 5 in Unarmed Combat
  7263 | D:6      | Reached skill level 5 in Evocations
  7713 | D:6      | Found a burning altar of Makhleb.
  7722 | D:6      | Found a shadowy altar of Dithmenos.
  8330 | D:6      | Noticed an oklob plant
  8502 | D:7      | Reached skill level 5 in Invocations
  8517 | D:7      | Reached XP level 10. HP: 21/84 MP: 14/17
  8941 | D:7      | Reached ** piety under Cheibriados
  9314 | D:7      | Found a shimmering altar of Xom.
  9381 | D:7      | Noticed Menkaure
  9392 | D:7      | Killed Menkaure
  9908 | D:8      | Reached skill level 5 in Short Blades
  9908 | D:8      | Reached skill level 5 in Axes
  9908 | D:8      | Reached skill level 5 in Maces & Flails
  9908 | D:8      | Reached skill level 5 in Polearms
  9908 | D:8      | Reached skill level 5 in Staves
  9908 | D:8      | Reached skill level 5 in Slings
  9908 | D:8      | Reached skill level 5 in Bows
  9908 | D:8      | Reached skill level 5 in Crossbows
  9908 | D:8      | Reached skill level 5 in Armour
  9908 | D:8      | Reached skill level 5 in Stealth
  9908 | D:8      | Reached skill level 5 in Shields
  9908 | D:8      | Reached skill level 5 in Spellcasting
 10287 | D:8      | Noticed Prince Ribbit
 10301 | D:8      | Killed Prince Ribbit
 10389 | D:8      | Noticed a deep elf mage
 10400 | D:8      | Killed a deep elf mage
 10400 | D:8      | Reached skill level 10 in Fighting
 10920 | D:9      | Noticed a five-headed hydra
 10933 | D:9      | Killed a five-headed hydra
 11220 | D:9      | Reached *** piety under Cheibriados
 11743 | D:10     | Entered Level 10 of the Dungeon
 11914 | D:10     | Reached XP level 11. HP: 91/91 MP: 19/19
 12195 | D:10     | Reached **** piety under Cheibriados
 12231 | D:10     | Noticed Maggie
 12232 | D:10     | Found a shimmering altar of Xom.
 12252 | D:10     | Killed Maggie
 12267 | D:10     | Identified the +7 shortbow of Circularity {freeze, rPois
                  | SInv}
 12442 | D:10     | Noticed a two-headed ogre
 12451 | D:10     | Killed a two-headed ogre
 12454 | D:10     | Reached skill level 5 in Conjurations
 12454 | D:10     | Reached skill level 5 in Hexes
 12454 | D:10     | Reached skill level 5 in Charms
 12454 | D:10     | Reached skill level 5 in Summonings
 12454 | D:10     | Reached skill level 5 in Necromancy
 12454 | D:10     | Reached skill level 5 in Translocations
 12454 | D:10     | Reached skill level 5 in Transmutations
 12454 | D:10     | Reached skill level 5 in Fire Magic
 12454 | D:10     | Reached skill level 5 in Ice Magic
 12454 | D:10     | Reached skill level 5 in Air Magic
 12454 | D:10     | Reached skill level 5 in Earth Magic
 12454 | D:10     | Reached skill level 5 in Poison Magic
 12878 | D:10     | Found a staircase to the Lair.
 13177 | D:10     | Noticed a deep elf mage
 13180 | D:10     | Noticed a death drake
 13184 | D:10     | Noticed a glowing shapeshifter
 13184 | D:10     | a death drake changed into a glowing shapeshifter
 13185 | D:10     | Noticed a deep troll
 13185 | D:10     | a glowing shapeshifter changed into a deep troll
 13186 | D:10     | Killed a deep elf mage
 13191 | D:10     | a deep troll changed into a floating eye
 13211 | D:10     | Noticed a deep elf mage
 13211 | D:10     | Noticed an ice dragon
 13597 | Lair:1   | Entered Level 1 of the Lair of Beasts
 13836 | Lair:1   | Reached ***** piety under Cheibriados
 14733 | Lair:2   | Noticed an oklob plant
 14884 | Lair:2   | Identified a scroll of acquirement
 14884 | Lair:2   | Identified RedPan's Almanac of Excruciating Curses (You
                  | acquired it on level 2 of the Lair of Beasts)
 14885 | Lair:2   | Found the +3 warlock's mirror {reflect}
 15197 | Lair:2   | Reached XP level 12. HP: 81/99 MP: 22/22
 15423 | Lair:2   | Found a staircase to the Swamp.
 16257 | Lair:3   | Found a staircase to the Snake Pit.
 16456 | Lair:3   | Reached skill level 11 in Fighting
 16495 | Lair:3   | Noticed Nergalle
 16507 | Lair:3   | Killed Nergalle
 16619 | Lair:3   | Learned a level 2 spell: Passwall
 17449 | Lair:2   | Identified the Catalogue of the Lucky Frostbite
 18502 | Lair:5   | Noticed a five-headed hydra
 18511 | Lair:5   | Killed a two-headed hydra
 18685 | Lair:5   | Noticed a death yak
 18686 | Lair:5   | Noticed a death yak
 18686 | Lair:5   | Noticed a death yak
 18689 | Lair:5   | Noticed a death yak
 18708 | Lair:5   | Killed a death yak
 18724 | Lair:5   | Killed a death yak
 18724 | Lair:5   | Reached XP level 13. HP: 72/106 MP: 22/24
 19659 | Lair:6   | Entered Level 6 of the Lair of Beasts
 19773 | Lair:6   | Reached ****** piety under Cheibriados
 20984 | Lair:6   | Reached XP level 14. HP: 114/114 MP: 26/26
 21639 | Lair:6   | Reached skill level 12 in Fighting
 21639 | Lair:6   | Reached skill level 10 in Dodging
 21775 | Lair:6   | Got a sparkling copper ring
 21783 | Lair:6   | Identified the ring of Joxyavin {rPois rN+ Str+6} (You
                  | found it on level 6 of the Lair of Beasts)
 23502 | D:12     | Found a hazy altar of Hepliaklqana.
 23698 | D:12     | Found a staircase to the Orcish Mines.
 23869 | D:12     | Found a frozen archway.
 23897 | IceCv    | Entered an ice cave
 24374 | IceCv    | Reached skill level 10 in Invocations
 24931 | D:12     | Found a runed translucent gate.
 24931 | D:12     | Found a runed translucent gate.
 24933 | D:12     | Found a runed translucent gate.
 24934 | D:12     | Noticed Tuischauph's ghost (journeyman KoAs)
 24936 | D:12     | Identified the cursed +0 chain mail of Miracles {rC+}
 24937 | D:12     | Found a roughly hewn altar of Beogh.
 25111 | D:12     | Killed Tuischauph's ghost
 25285 | D:13     | Noticed Rupert
 25304 | D:13     | Killed Rupert
 26376 | D:14     | Found a gate to the Vaults.
 26376 | D:14     | Noticed Urug
 26378 | D:14     | Reached XP level 15. HP: 116/122 MP: 22/28
 26382 | D:14     | Reached skill level 10 in Long Blades
 26382 | D:14     | Reached skill level 10 in Throwing
 26382 | D:14     | Reached skill level 10 in Unarmed Combat
 26382 | D:14     | Reached skill level 10 in Evocations
 26386 | D:14     | Killed Urug
 26854 | D:14     | Noticed Kirke
 26871 | D:14     | Killed Kirke
 26981 | D:14     | Noticed Agnes
 26994 | D:14     | HP: 1/122 [Agnes/+0 antimagic lajatang (27)]
 27003 | D:14     | Killed Agnes
 27376 | D:15     | Entered Level 15 of the Dungeon
 27902 | D:15     | Found a staircase to the Depths.
 27903 | D:15     | Noticed a fire giant
 28101 | D:15     | Killed a fire giant
 28327 | D:15     | Noticed Nessos
 28338 | D:15     | Killed Nessos
 28353 | D:15     | Found a shadowy altar of Dithmenos.
 28358 | D:15     | Reached skill level 10 in Short Blades
 28358 | D:15     | Reached skill level 10 in Axes
 28358 | D:15     | Reached skill level 10 in Maces & Flails
 28358 | D:15     | Reached skill level 10 in Polearms
 28358 | D:15     | Reached skill level 10 in Staves
 28358 | D:15     | Reached skill level 10 in Slings
 28358 | D:15     | Reached skill level 10 in Bows
 28358 | D:15     | Reached skill level 10 in Crossbows
 28358 | D:15     | Reached skill level 10 in Armour
 28358 | D:15     | Reached skill level 10 in Stealth
 28358 | D:15     | Reached skill level 10 in Shields
 28358 | D:15     | Reached skill level 10 in Spellcasting
 28710 | Orc:1    | Entered Level 1 of the Orcish Mines
 28710 | Orc:1    | Noticed Maurice
 28720 | D:12     | Killed Maurice
 28968 | Orc:2    | Entered Level 2 of the Orcish Mines
 29156 | Orc:1    | Found Xutsaw's Weapon Emporium.
 29193 | Orc:1    | Bought 5 javelins for 68 gold pieces
 29702 | Orc:2    | Noticed Saint Roka
 29714 | Orc:2    | Found a roughly hewn altar of Beogh.
 30177 | Orc:2    | Killed Saint Roka
 30177 | Orc:2    | Reached XP level 16. HP: 48/129 MP: 26/30
 30423 | Orc:2    | Found Udireusu's General Store.
 30437 | Orc:2    | Found Kyping's Book Shop.
 30439 | Orc:2    | Found a staircase to the Elven Halls.
 30454 | Orc:2    | Reached skill level 13 in Fighting
 30491 | Orc:2    | Found Kuemisi's Antique Weapon Shop.
 30555 | Orc:2    | Found Nioxer's Antique Armour Shop.
 30562 | Orc:2    | Bought a faintly humming plate armour for 672 gold pieces
 30572 | Orc:2    | Identified the +3 plate armour of the Grue {rElec rF-
                  | Str+4} (You bought it in a shop on level 2 of the Orcish
                  | Mines)
 30572 | Orc:2    | Bought a runed plate armour for 624 gold pieces
 31315 | Swamp:1  | Entered Level 1 of the Swamp
 33210 | Swamp:3  | Noticed a thorn hunter
 33221 | Swamp:3  | Killed a thorn hunter
 33475 | Swamp:3  | Learned a level 5 spell: Borgnjor's Vile Clutch
 33481 | Swamp:3  | Learned a level 5 spell: Summon Forest
 33537 | Swamp:3  | Identified Roxanne's Incunabulum of Moulding
 33537 | Swamp:3  | Noticed Roxanne
 33575 | Swamp:3  | Killed Roxanne
 33791 | Swamp:3  | Upgraded the game from 0.25-a0-516-g7d600cd9ad to
                  | 0.25-a0-521-gb5d5f98535
 34252 | Swamp:4  | Entered Level 4 of the Swamp
 34861 | Swamp:4  | Reached XP level 17. HP: 129/137 MP: 32/32
 35547 | Swamp:4  | Noticed a bone dragon
 35569 | Swamp:4  | Killed a bone dragon
 35662 | Swamp:4  | Got a decaying rune of Zot
 35926 | Snake:1  | Entered Level 1 of the Snake Pit
 36200 | Snake:1  | Learned a level 4 spell: Animate Dead
 36352 | Snake:1  | Found the +3 hat of Pondering {ponderous, MR+ MP+10 Int+5}
 36418 | Snake:1  | Noticed Aizul
 36428 | Snake:1  | Killed Aizul
 36482 | Snake:1  | Found Uvusav Rae's Assorted Antiques.
 36491 | Snake:1  | Bought a scroll of blinking for 210 gold pieces
 38129 | Snake:3  | Reached skill level 10 in Conjurations
 38129 | Snake:3  | Reached skill level 10 in Hexes
 38129 | Snake:3  | Reached skill level 10 in Charms
 38129 | Snake:3  | Reached skill level 10 in Summonings
 38129 | Snake:3  | Reached skill level 10 in Necromancy
 38129 | Snake:3  | Reached skill level 10 in Translocations
 38129 | Snake:3  | Reached skill level 10 in Transmutations
 38129 | Snake:3  | Reached skill level 10 in Fire Magic
 38129 | Snake:3  | Reached skill level 10 in Ice Magic
 38129 | Snake:3  | Reached skill level 10 in Air Magic
 38129 | Snake:3  | Reached skill level 10 in Earth Magic
 38129 | Snake:3  | Reached skill level 10 in Poison Magic
 38295 | Snake:3  | Reached XP level 18. HP: 140/145 MP: 33/33
 38299 | Snake:3  | Reached skill level 14 in Fighting
 38740 | Snake:3  | Identified the +1 kite shield "Cafac" {rF+ Str+2 Stlth+}
 38740 | Snake:3  | Noticed Donald
 38754 | Snake:3  | Killed Donald
 39152 | Snake:4  | Entered Level 4 of the Snake Pit
 39307 | Snake:4  | Noticed Mara
 39494 | Snake:4  | Noticed RedPan's illusion
 39589 | Snake:4  | Killed Mara
 40037 | Snake:4  | Found a shimmering blue altar of Sif Muna.
 40402 | Snake:4  | Reached XP level 19. HP: 153/153 MP: 35/35
 40547 | Snake:4  | Got a serpentine rune of Zot
 40840 | Vaults:1 | Entered Level 1 of the Vaults
 41345 | Vaults:1 | Found Efeatypa's Weapon Boutique.
 42130 | Vaults:1 | Reached XP level 20. HP: 155/161 MP: 36/36
 42168 | Vaults:1 | Reached skill level 15 in Fighting
 42375 | Vaults:1 | Identified Ygecad's Collected Works on the Oath (You
                  | acquired it on level 1 of the Vaults)
 42375 | Vaults:1 | Identified the ring of Wariness {Str+2 Int+3} (You acquired
                  | it on level 1 of the Vaults)
 42472 | Vaults:2 | Noticed Xtahua
 42486 | Vaults:2 | Killed Xtahua
 44320 | Vaults:3 | Found a staircase to the Crypt.
 44320 | Vaults:3 | Found a basalt altar of Yredelemnul.
 44321 | Vaults:3 | Found an ancient bone altar of Kikubaaqudgha.
 44800 | Vaults:3 | Reached XP level 21. HP: 162/169 MP: 38/38
 44852 | Vaults:3 | Gained mutation: Scrolls take you a little longer to read.
                  | [the power of Zot]
 44956 | Vaults:3 | Noticed Nikola
 44968 | Vaults:3 | Killed from afar by Nikola

Levels and vault maps discovered:
D:1:      dpeg_arrival_tiny_d, layout_loops_ring, minmay_misc_feat_roman
D:2:      layout_basic, nicolae_ru_path_of_blood, old_standard_altar,
          lemuel_doored_altar, wad_floor_pattern_untrapped, minmay_cut_off
D:3:      layout_basic, lemuel_round_altar, lightli_corner_chamber
D:4:      layout_cave_pods
D:5:      layout_basic, kennysheep_mini, basic_altar, serial_shops,
          shop_scrolls, first_ration
D:6:      wander_guarded_unrand_ratskin, layout_loops_ring,
          grunt_temple_overflow_open, tgw_fedhas, uniq_pikel, uniq_sigmund
D:7:      layout_gridville, tgw_xom, minmay_temple_entry_arrows,
          grunt_livestock, st_stairs_10, uniq_menkaure
D:8:      layout_basic, serial_glass, glass_columns_a, glass_columns_b,
          guppyfry_early_elven_hall, uniq_prince_ribbit1
D:9:      layout_rooms
D:10:     minmay_sliced_demisemicircle, layout_loops_ring, dpeg_oklobed_lair,
          basic_altar, uniq_maggie
D:11:     layout_stronghold
D:12:     layout_loops_ring, orc_0_dummy, portal_ice_cave_rime, basic_altar,
          biasface_ghost_orc_armoury
D:13:     layout_roguey, uniq_rupert
D:14:     layout_rooms, david_vaults_3, serial_bayou_shore_b,
          hangedman_abyss_or_decor_clamps, uniq_kirke, uniq_agnes
D:15:     grunt_enter_depths_giant_problem, layout_basic,
          nicolae_lava_and_water, nicolae_dithmenos_the_darkroom, uniq_nessos
Temple:   jpeg_temple_clearing
Lair:1:   minmay_lair_venomous_thicket, layout_gridlike,
          infiniplex_staircase_pool
Lair:2:   layout_regular_city, minmay_swamp_entry_worms, minmay_lindwurm_lava,
          minmay_lair_oklob_chamber, lemuel_fruit_tree
Lair:3:   layout_cave_pods, dummy_snake_entry, minivault_27, grunt_megastairs_5,
          uniq_nergalle
Lair:4:   layout_layer_cave
Lair:5:   layout_cave_pods, minmay_slime_entry_oklob_enclosed, st_stairs_11,
          bh_chokoban
Lair:6:   minmay_lair_end_enchanted_forest, layout_gridlike
Swamp:1:  layout_falls_marsh, evilmike_swamp_ruin_house_6, swamp_pool1
Swamp:2:  layout_basic_swamp, evilmike_swamp_ruin_rubble_2, swamp_pool1
Swamp:3:  layout_basic_swamp, nicolae_swamp_feature_on_the_river_bank,
          uniq_roxanne
Swamp:4:  swamp_pestilence, layout_basic_swamp
Snake:1:  layout_misc_corridors, serial_shops, nicolae_shop_trees,
          nicolae_large_snake_swirl, serial_bayou_shore_b, uniq_aizul
Snake:2:  layout_basic
Snake:3:  layout_rooms, grunt_megastairs_3, uniq_donald
Snake:4:  grunt_snake_rune_pools, layout_onion_interference, basic_altar,
          grunt_ministairs_3, uniq_mara
Orc:1:    layout_caves, serial_shops, nicolae_shop_trees, hangedman_minor_magic,
          uniq_maurice
Orc:2:    grunt_orc_cross, layout_diamond_mine
Vaults:1: st_cells, vaults_mumra_chevron_long, hangedman_vaults_corner_blocks,
          dpeg_vaults_monster_box, nicolae_vaults_little_ls, v_misc_11,
          ontoclasm_vaults_ring_large, grunt_vaults_swirl, v_pattern_4,
          nicolae_vaults_specimen_jars, ontoclasm_vaults_idyll, v_misc_11,
          v_misc_27, ontoclasm_vaults_twist, vaults_room_hallway,
          layout_vaults_ring, mu_enter_wizlab_5
Vaults:2: nicolae_vaults_network_barrier, ontoclasm_vaults_decontamination,
          v_alt_pattern_3, v_misc_23, nicolae_vaults_stairing_the_circle,
          v_misc_5, nicolae_vaults_yaktaur_gun_rack,
          hangedman_vaults_stretched_pinwheel, grunt_vaults_hallway_short,
          st_lattice, layout_vaults_omnigrid, uniq_xtahua
Vaults:3: v_rooms_5, minmay_crypt_entry_necro_gods,
          nicolae_vaults_circle_grid_b, hangedman_vaults_restitches,
          nicolae_vaults_little_squares_1, nicolae_vaults_asterisk,
          nicolae_vaults_windows_and_doors_thing, v_rooms_2,
          nicolae_vaults_little_squares_6, hangedman_vaults_capsules, v_misc_19,
          v_misc_13, layout_vaults_big_room, uniq_nikola

Skill      XL: |  1  2  3  4  5  6  7  8  9 10 11 12 13 14 15 16 17 18 19 20 |
---------------+-------------------------------------------------------------+-----
Invocations    | 1 2 3 4 5 6 7 8 9 10 11 12 13 14 | 14.6
Short Blades   | 1 2 3 4 5 6 7 8 9 10 11 12 13 | 13.5
Axes           | 1 2 3 4 5 6 7 8 9 10 11 12 13 | 13.5
Maces & Flails | 1 2 3 4 5 6 7 8 9 10 11 12 13 | 13.5
Polearms       | 1 2 3 4 5 6 7 8 9 10 11 12 13 | 13.5
Staves         | 1 2 3 4 5 6 7 8 9 10 11 12 13 | 13.5
Slings         | 1 2 3 4 5 6 7 8 9 10 11 12 13 | 13.5
Bows           | 1 2 3 4 5 6 7 8 9 10 11 12 13 | 13.5
Crossbows      | 1 2 3 4 5 6 7 8 9 10 11 12 13 | 13.5
Armour         | 1 2 3 4 5 6 7 8 9 10 11 12 13 | 13.5
Stealth        | 1 2 3 4 5 6 7 8 9 10 11 12 13 | 13.5
Shields        | 1 2 3 4 5 6 7 8 9 10 11 12 13 | 13.5
Spellcasting   | 1 2 3 4 5 6 7 8 9 10 11 12 13 | 13.5
Conjurations   | 1 2 3 4 5 6 7 8 9 10 11 | 11.6
Hexes          | 1 2 3 4 5 6 7 8 9 10 11 | 11.6
Charms         | 1 2 3 4 5 6 7 8 9 10 11 | 11.6
Summonings     | 1 2 3 4 5 6 7 8 9 10 11 | 11.6
Necromancy     | 1 2 3 4 5 6 7 8 9 10 11 | 11.6
Translocations | 1 2 3 4 5 6 7 8 9 10 11 | 11.6
Transmutations | 1 2 3 4 5 6 7 8 9 10 11 | 11.6
Fire Magic     | 1 2 3 4 5 6 7 8 9 10 11 | 11.6
Ice Magic      | 1 2 3 4 5 6 7 8 9 10 11 | 11.6
Air Magic      | 1 2 3 4 5 6 7 8 9 10 11 | 11.6
Earth Magic    | 1 2 3 4 5 6 7 8 9 10 11 | 11.6
Poison Magic   | 1 2 3 4 5 6 7 8 9 10 11 | 11.6
Long Blades    | 3 4 5 6 7 8 9 10 11 12 13 | 13.8
Throwing       | 3 4 5 6 7 8 9 10 11 12 13 | 13.8
Unarmed Combat | 3 4 5 6 7 8 9 10 11 12 13 | 13.8
Evocations     | 3 4 5 6 7 8 9 10 11 12 13 | 13.8
Dodging        | 5 6 7 8 9 10 11 12 13 14 | 14.2
Fighting       | 9 10 11 12 13 14 15 | 15.4

Action                   |  1- 3 |  4- 6 |  7- 9 | 10-12 | 13-15 | 16-18 | 19-21 || total
-------------------------+-------+-------+-------+-------+-------+-------+-------++-------
Melee: Dagger            |    73 |    38 |       |       |       |       |       ||   111
       Bite              |    23 |    14 |    73 |   187 |   263 |   256 |   142 ||   958
       Short sword       |    83 |       |       |       |       |       |       ||    83
       Punch             |     1 |       |     8 |    17 |       |       |       ||    26
       Scimitar          |       |    80 |   416 |   669 |   556 |    25 |       ||  1746
       Broad axe         |       |       |       |       |   566 |  1075 |   669 ||  2310
 Fire: Shortbow          |       |       |       |    25 |       |       |       ||    25
Throw: Javelin           |       |     1 |     1 |     6 |       |     6 |       ||    14
 Cast: Summon Forest     |       |       |       |       |       |     3 |       ||     3
       Animate Dead      |       |       |       |       |       |    20 |     2 ||    22
       Borgnjor's Vile C |       |       |       |       |       |     4 |     2 ||     6
Invok: Bend Time         |       |       |     1 |    10 |    17 |     6 |     2 ||    36
       Slouch            |       |       |       |       |     9 |     1 |     2 ||    12
 Abil: Evoke Ratskin     |       |       |     2 |     2 |       |       |       ||     4
Evoke: Wand              |       |       |       |    10 |       |     1 |       ||    11
       Box of beasts     |       |       |       |     1 |       |       |       ||     1
  Use: Scroll            |     9 |     4 |     1 |    15 |     6 |    12 |     5 ||    52
       Potion            |       |       |     5 |     2 |     7 |     4 |     3 ||    21
 Stab: Sleeping          |     4 |       |       |       |       |     3 |     8 ||    15
       Distracted        |     1 |       |     1 |       |       |     6 |     3 ||    11
       Invisible         |       |       |     1 |       |       |       |       ||     1
       Paralysed         |       |       |       |     9 |       |       |       ||     9
       Confused          |       |       |       |       |     1 |     1 |       ||     2
  Eat: Chunk             |     3 |     6 |    10 |    18 |    21 |    10 |     4 ||    72
       Ration            |       |     1 |       |       |     1 |     3 |     2 ||     7
Armor: Robe              |    19 |       |       |       |       |       |       ||    19
       Ring mail         |     3 |    23 |       |       |       |       |       ||    26
       Chain mail        |       |    21 |   248 |   153 |       |       |       ||   422
       Plate armour      |       |       |       |   177 |   271 |   399 |   144 ||   991
       Skin              |       |       |       |       |     2 |       |       ||     2
Dodge: Dodged            |   104 |    79 |   175 |   453 |   772 |   936 |   284 ||  2803
Block: Buckler           |       |       |       |   113 |   708 |   661 |       ||  1482
       Reflection        |       |       |       |     3 |    50 |    69 |       ||   122
       Tower shield      |       |       |       |       |       |   286 |   727 ||  1013
       Kite shield       |       |       |       |       |       |    61 |       ||    61
       Rpst.: Scimitar   |       |    27 |    58 |   136 |   103 |     5 |       ||   329

Table legend:
 A = Non-vault XP
 B = Vault XP
 C = Vault XP percentage of total XP
 D = Non-vault monster count
 E = Vault monster count
 F = Vault count percentage of total count
                 A         B        C        D         E       F
            +---------+---------+-------+---------+---------+-------
      Total |  303041 |  197198 |  39.4 |     959 |     457 |  32.3
            +---------+---------+-------+---------+---------+-------
        D:1 |      25 |       0 |   0.0 |      14 |       0 |   0.0
        D:2 |      42 |       7 |  14.3 |      14 |       4 |  22.2
        D:3 |     161 |       0 |   0.0 |      28 |       0 |   0.0
        D:4 |     136 |       0 |   0.0 |       9 |       0 |   0.0
        D:5 |    1109 |       0 |   0.0 |      22 |       0 |   0.0
        D:6 |     691 |    1021 |  59.6 |      14 |      23 |  62.2
        D:7 |     889 |    1219 |  57.8 |      32 |      12 |  27.3
        D:8 |     611 |     738 |  54.7 |      13 |       2 |  13.3
        D:9 |    1789 |       0 |   0.0 |      19 |       0 |   0.0
       D:10 |    2950 |    3540 |  54.5 |      43 |      12 |  21.8
       D:11 |    2574 |       0 |   0.0 |      22 |       0 |   0.0
       D:12 |    6075 |    3702 |  37.9 |      44 |      17 |  27.9
       D:13 |    5382 |    2757 |  33.9 |      31 |       1 |   3.1
       D:14 |    6396 |   10992 |  63.2 |      25 |      23 |  47.9
       D:15 |    6620 |    2377 |  26.4 |      29 |       2 |   6.5
     Lair:1 |    1682 |    1177 |  41.2 |      10 |      12 |  54.5
     Lair:2 |    3627 |    3308 |  47.7 |      14 |       8 |  36.4
     Lair:3 |    2915 |    1380 |  32.1 |      16 |       3 |  15.8
     Lair:4 |    1240 |       0 |   0.0 |       7 |       0 |   0.0
     Lair:5 |    5675 |    1132 |  16.6 |      14 |       2 |  12.5
     Lair:6 |   16482 |    8329 |  33.6 |      46 |      45 |  49.5
    Swamp:1 |    8402 |       0 |   0.0 |      30 |       0 |   0.0
    Swamp:2 |   15522 |       0 |   0.0 |      37 |       0 |   0.0
    Swamp:3 |   11952 |    1864 |  13.5 |      27 |       1 |   3.6
    Swamp:4 |   11037 |   15245 |  58.0 |      32 |      42 |  56.8
    Snake:1 |    4941 |    1735 |  26.0 |       9 |       1 |  10.0
    Snake:2 |   28212 |       0 |   0.0 |      58 |       0 |   0.0
    Snake:3 |   42036 |    2507 |   5.6 |      75 |       3 |   3.8
    Snake:4 |   10716 |   47645 |  81.6 |      20 |      67 |  77.0
      Orc:1 |    3421 |    1558 |  31.3 |      14 |      16 |  53.3
      Orc:2 |    4137 |   11188 |  73.0 |      31 |      38 |  55.1
   Vaults:1 |   33992 |   32806 |  49.1 |      62 |      47 |  43.1
   Vaults:2 |   31056 |   15057 |  32.7 |      48 |      17 |  26.2
   Vaults:3 |   30546 |   21409 |  41.2 |      50 |      38 |  43.2
      IceCv |       0 |    4505 | 100.0 |       0 |      21 | 100.0
            +---------+---------+-------+---------+---------+-------
